 Dungeon Crawl Stone Soup version 0.24.0-41-g2ae2f7f1be (webtiles) character file.

Game seed: 12628325335519567029, levelgen mode: deterministic

5613 Delamore the Severer (level 10, -6/86 HPs)
             Began as a Hill Orc Fighter on Dec 14, 2019.
             Mangled by an orc warrior
             ... wielding a +0 glaive
              (17 damage)
             ... in a bailey.
             The game lasted 00:11:44 (8768 turns).

Delamore the Severer (Hill Orc Fighter)             Turns: 8768, Time: 00:11:45

Health: -6/86      AC: 14    Str: 26    XL:     10   Next: 73%
Magic:  9/9        EV:  4    Int:  8    God:
Gold:   561        SH:  9    Dex: 10    Spells: 9/9 levels left

rFire    . . .     SeeInvis .   a - +0 war axe
rCold    . . .     Gourm    .   c - +0 shield
rNeg     . . .     Faith    .   w - +0 plate armour
rPois    .         Spirit   .   (no helmet)
rElec    .         Reflect  .   (no cloak)
rCorr    +         Harm     .   q - +0 pair of gloves
MR       .....     Clarity  +   (no boots)
Stlth    ..........             (no amulet)
HPRegen  0.24/turn              m - +2 ring of protection
MPRegen  0.11/turn              D - ring of resist corrosion

@: mighty
A: talons 1, clarity, low mp 1, weak 1
a: no special abilities


You were in a bailey.
You were not hungry.

You visited 1 branch of the dungeon, and saw 9 of its levels.
You also visited: Bailey.

You collected 561 gold pieces.

Inventory:

Hand Weapons
 a - a +0 war axe (weapon)
Missiles
 b - a throwing net
 r - an atropa-tipped dart (quivered)
Armour
 c - a +0 shield (worn)
 h - a +2 chain mail of magic resistance
 q - a +0 pair of gloves (worn)
 w - a +0 plate armour (worn)
 K - a +2 ring mail of poison resistance
Jewellery
 m - a +2 ring of protection (left hand)
 B - an uncursed ring of wizardry
 D - a ring of resist corrosion (right hand)
 L - an uncursed ring of protection from cold {unknown}
Wands
 t - a wand of acid (8)
 x - a wand of random effects (16)
 y - a wand of iceblast (12)
 z - a wand of polymorph (13)
Scrolls
 g - 6 scrolls of remove curse
 i - a scroll of blinking
 k - a scroll of identify
 p - 6 scrolls of fog
 s - 3 scrolls of random uselessness
 u - a scroll of noise
 E - a scroll of amnesia
 I - a scroll of enchant armour
Potions
 e - a potion of haste
 l - a potion of mutation
 n - a potion of ambrosia
 o - 2 potions of curing
 C - a potion of cancellation
 F - a potion of lignification
 H - a potion of resistance
 J - a potion of degeneration
Miscellaneous
 A - a lightning rod (4/4)
Comestibles
 f - 9 rations


   Skills:
 * Level 7.2 Fighting
 + Level 17.8 Axes
 - Level 3.2 Armour
 - Level 3.2 Shields


You had 9 spell levels left.
You didn't know any spells.
Your spell library contained the following spells:

 Spells                   Type           Power        Failure   Level  Hunger
 Beastly Appendage        Tmut           #.....       100%        1    ##.....
 Sticks to Snakes         Tmut           #.......     100%        2    ###....
 Spider Form              Tmut/Pois      #.........   100%        3    ####...
 Ice Form                 Ice/Tmut       #.......     100%        4    #####..
 Blade Hands              Tmut           #.........   100%        5    ######.


Dungeon Overview and Level Annotations

Branches:
Dungeon (11/15)            Temple (0/1) D:7             Orc (0/2) D:11
 Bailey (1/1)
   Lair: D:8-11

Altars:
Dithmenos
Elyvilon
Makhleb
Ru
Vehumet
Wu Jian
Yredelemnul
The Shining One

Shops:
D:4 =


Innate Abilities, Weirdness & Mutations

You have sharp toenails.
You possess an exceptional clarity of mind.
Your magical capacity is low. (-10% MP)
You are weak. (Str -2)


Message History

The orc warrior is heavily wounded.
You slash the orc warrior!
The orc warrior is almost dead.
The orc warrior hits you with a +0 glaive!
The orc warrior hits you from afar with a +0 halberd!
* * * LOW HITPOINT WARNING * * *
Unknown command.
You barely miss the orc warrior. You claw the orc warrior.
You kill the orc warrior!
The orc warrior hits you but does no damage.
The orc warrior hits you but does no damage.
The orc warrior barely misses you.
Things that are here:
a +0 glaive; a +0 plate armour You slash the orc warrior!
You claw the orc warrior!
The orc warrior is severely wounded.
You closely miss the orc warrior.
The orc warrior is severely wounded.
The orc warrior hits you from afar with a +0 glaive!
You die...

)≈≈.≈.≈≈.≈≈.≈.≈≈.#..≈#
.≈)≈≈.≈...≈.≈≈.≈.#..≈#
.≈.≈.≈≈.(.≈≈.≈.≈.#..≈#
.≈.≈.≈.⌠∩⌠.≈.≈.≈.#.o≈#
.≈.≈.≈..∩..≈.≈.≈.#.o≈#
.≈.≈.≈.⌠∩⌠.≈.≈.≈o#o.≈#
.≈.≈)≈≈...≈≈.≈.≈o#o.≈#
.≈.≈≈.≈...≈.≈≈.≈o#
.≈≈)≈)≈≈≈≈≈.≈.≈≈@#
#.≈)≈≈))...≈≈.≈.##
#.≈≈)≈≈≈.≈≈≈.≈≈.#
#..≈≈..≈.≈..≈≈..#
#.⌠.≈≈≈...≈≈≈.⌠.#
##....≈≈≈≈≈....##
#####.....#####
#######


You could see 2 orc warriors and an orc.

Vanquished Creatures
  Pikel (D:6)
  Sigmund (D:4)
  2 hungry ghosts (D:8)
  2 steam dragons
  Menkaure (D:5)
  An acid dragon (D:11)
  Duvessa (D:5)
  4 orc warriors
  2 sky beasts
  A phantom (D:8)
  A slave (D:6)
  3 necrophages
  6 ogres
  An ice beast (D:7)
  4 centaurs
  The ghost of dikkface the Poker, an amateur MfFi (D:3)
  Blork the orc (D:4)
  2 big kobolds (D:3)
  4 bullfrogs
  A gnoll sergeant (D:7)
  Dowan (D:5)
  3 scorpions
  2 howler monkeys
  A crimson imp (D:8)
  2 hounds
  2 jellies (D:8)
  A quasit (D:7)
  5 orc priests
  5 orc wizards
  2 centaur skeletons
  2 iguanas
  2 iron imps (D:6)
  3 worker ants
  Natasha (thrice) (D:4)
  2 hound zombies (D:5)
  A hound skeleton (D:7)
  A howler monkey skeleton (D:7)
  8 gnolls
  10 adders
  2 shadow imps
  2 oozes (D:1)
  An adder skeleton (D:7)
  3 worms
  5 dart slugs
  4 leopard geckos
  39 orcs
  3 ball pythons
  12 bats
  5 giant cockroaches
  8 goblins
  9 hobgoblins
  4 jackals (D:2)
  10 kobolds
  4 quokkas
  2 frilled lizards
  7 rats
216 creatures vanquished.

Vanquished Creatures (others)
  An iron imp (D:6)
  An orc (D:6)
2 creatures vanquished.

Grand Total: 218 creatures vanquished

Notes
Turn   | Place    | Note
-------+----------+-------------------------------------------
     0 | D:1      | Delamore the Hill Orc Fighter began the quest for the Orb.
     0 | D:1      | Reached XP level 1. HP: 19/19 MP: 1/1
   139 | D:1      | Reached skill level 3 in Axes
   160 | D:1      | Reached XP level 2. HP: 20/26 MP: 2/2
   180 | D:1      | Reached skill level 4 in Axes
   218 | D:1      | Reached XP level 3. HP: 30/31 MP: 3/3
   435 | D:1      | Reached skill level 5 in Axes
  1082 | D:2      | Reached XP level 4. HP: 39/39 MP: 4/4
  1186 | D:2      | Reached skill level 6 in Axes
  1805 | D:3      | Reached XP level 5. HP: 44/45 MP: 5/5
  2137 | D:3      | Noticed a big kobold
  2138 | D:3      | Noticed a big kobold
  2149 | D:3      | Killed a big kobold
  2149 | D:3      | Reached skill level 7 in Axes
  2156 | D:3      | Killed a big kobold
  2156 | D:3      | Reached skill level 8 in Axes
  2156 | D:3      | Reached XP level 6. HP: 26/51 MP: 6/6
  2373 | D:3      | Found a runed translucent door.
  2396 | D:3      | Noticed dikkface's ghost (amateur MfFi)
  2753 | D:3      | Killed dikkface's ghost
  2753 | D:3      | Reached skill level 9 in Axes
  2973 | D:4      | Noticed Blork the orc
  2983 | D:4      | Killed Blork the orc
  2983 | D:4      | Reached XP level 7. HP: 41/57 MP: 7/7
  3028 | D:4      | Noticed Natasha
  3034 | D:4      | Killed Natasha
  3114 | D:4      | Noticed Sigmund
  3134 | D:4      | Killed Sigmund
  3134 | D:4      | Reached skill level 10 in Axes
  3176 | D:4      | Found a sacrificial altar of Ru.
  3243 | D:4      | Reached skill level 11 in Axes
  3361 | D:4      | Noticed Natasha
  3368 | D:4      | Killed Natasha
  3476 | D:4      | Found Yffod's Jewellery Boutique.
  3479 | D:4      | Reached XP level 8. HP: 64/64 MP: 8/8
  3674 | D:4      | Noticed Natasha
  3683 | D:4      | Killed Natasha
  3879 | D:5      | Entered Level 5 of the Dungeon
  3888 | D:5      | Reached skill level 12 in Axes
  3969 | D:5      | Noticed Menkaure
  3975 | D:5      | Killed Menkaure
  4212 | D:5      | Found a radiant altar of Vehumet.
  4220 | D:5      | Noticed Duvessa
  4220 | D:5      | Noticed Dowan
  4230 | D:5      | Killed Duvessa
  4230 | D:5      | Reached skill level 13 in Axes
  4241 | D:5      | Killed Dowan
  4633 | D:5      | Found a basalt altar of Yredelemnul.
  4951 | D:5      | Found a white marble altar of Elyvilon.
  5091 | D:6      | HP: 3/64 [orc wizard/magic dart (7)]
  5093 | D:5      | Gained mutation: You are weak. (Str -2) [potion of
                  | mutation]
  5093 | D:5      | Gained mutation: You have sharp toenails. [potion of
                  | mutation]
  5093 | D:5      | Gained mutation: Your magical capacity is low. (-10% MP)
                  | [potion of mutation]
  5093 | D:5      | Gained mutation: You possess an exceptional clarity of
                  | mind. [potion of mutation]
  5388 | D:6      | Reached skill level 14 in Axes
  5388 | D:6      | Reached XP level 9. HP: 70/70 MP: 8/8
  5903 | D:6      | Reached skill level 15 in Axes
  6243 | D:6      | Noticed Pikel
  6255 | D:6      | Killed Pikel
  6376 | D:6      | Found a burning altar of Makhleb.
  6593 | D:6      | Reached skill level 16 in Axes
  6650 | D:7      | Found an ornate altar of the Wu Jian Council.
  6784 | D:7      | Reached XP level 10. HP: 64/77 MP: 9/9
  6849 | D:7      | Found a staircase to the Ecumenical Temple.
  7195 | D:8      | Reached skill level 17 in Axes
  7517 | D:8      | Found a glowing golden altar of the Shining One.
  8030 | D:8      | Reached skill level 5 in Fighting
  8035 | D:8      | You fall into a shaft and drop 3 floors!
  8043 | D:11     | Found a staircase to the Orcish Mines.
  8330 | D:11     | Found a shadowy altar of Dithmenos.
  8395 | D:11     | Found a flagged portal.
  8404 | Bailey   | Entered a bailey
  8768 | Bailey   | Mangled by an orc warrior

Levels and vault maps discovered:
D:1:      dpeg_arrival_snail, layout_basic
D:2:      layout_basic, hangedman_decor_clover_reticule, minmay_vboxes
D:3:      cheibrodos_thug_alley, layout_basic, ebering_ghost_sewer_d,
          chequers_arboretum, glass_columns_b
D:4:      layout_cave_pods, nicolae_ru_awakened_eye, serial_shops, shop,
          uniq_sigmund, uniq_blork_the_orc, uniq_natasha
D:5:      layout_loops_cross, kennysheep_ying_yang, lemuel_doored_altar,
          first_ration, uniq_menkaure, uniq_duvessa
D:6:      layout_basic, demons_altar, uniq_pikel
D:7:      layout_cave_pools, lemuel_crystal_altar,
          minmay_temple_entry_purple_smoke
D:8:      layout_basic, nicolae_tso_carved_into_rock
D:11:     layout_stronghold, david_orc_2, ebering_ghost_inner_flame,
          enter_bailey_8, nicolae_dithmenos_shadow_blocks, uniq_harold
Bailey:   bailey_polearm_flooded_kennysheep, bailey

Skill      XL: |  1  2  3  4  5  6  7  8  9 10 |
---------------+-------------------------------+-----
Axes           | 3 4 5 6 8 9 11 14 16 17 | 17.8
Fighting       | 7 |  7.2
Armour         | |  3.2
Shields        | |  3.2

Action                   |  1- 3 |  4- 6 |  7- 9 | 10-12 || total
-------------------------+-------+-------+-------+-------++-------
Melee: War axe           |    98 |   180 |   320 |   241 ||   839
       Kick              |       |       |    36 |    56 ||    92
Throw: Dart              |       |       |       |     2 ||     2
  Use: Potion            |       |       |     3 |     3 ||     6
       Scroll            |       |       |       |    19 ||    19
 Stab: Invisible         |       |       |       |     3 ||     3
  Eat: Chunk             |       |     5 |    11 |     6 ||    22
       Ration            |       |     1 |       |     3 ||     4
Armor: Scale mail        |    59 |    90 |    38 |       ||   187
       Plate armour      |       |       |   104 |   125 ||   229
Dodge: Dodged            |    43 |    63 |    55 |    30 ||   191
Block: Shield            |    58 |   107 |   127 |    79 ||   371
